 Dungeon Sprint DCSS version 0.27-a0-216-g1fbed8a51c (webtiles) character file.

Game seed: 17912743332728876816

614 mhtbhm the Basher (level 7, -13/65 HPs)
             Began as a Human Berserker on Feb 1, 2021.
             Was a Priest of Trog.
             Mangled by Sonja
             ... wielding a +0 dagger of distortion
              (18 damage)
             ... in the Dungeon (Sprint I: "Red Sonja").
             The game lasted 00:02:05 (753 turns).

mhtbhm the Basher (Human Berserker)                  Turns: 753, Time: 00:02:06

Health: -13/65     AC:  6    Str: 19    XL:     7   Next: 73%
Magic:  7/7        EV: 13    Int:  8    God:    Trog [***...]
Gold:   413        SH:  0    Dex: 12    Spells: 6/6 levels left

rFire    . . .     SeeInvis .   a - +0 mace
rCold    . . .     Faith    .   (no shield)
rNeg     . . .     Spirit   .   i - +0 ring mail
rPois    .         Reflect  .   (no helmet)
rElec    .         Harm     .   (no cloak)
rCorr    .         Rampage  .   (no gloves)
Will     .....     NoTele   +   (no boots)
Stlth    +.........             (no amulet)
HPRegen  0.20/turn              (no ring)
MPRegen  0.10/turn              (no ring)

@: berserk cooldown, slowed, very slow
A: no striking features
a: Renounce Religion, Berserk, Trog's Hand


You were in the Dungeon.
You worshipped Trog.
Trog was most pleased with you.
You visited 1 branch You collected 413 gold pieces.

Inventory:

Hand Weapons
 a - a +0 mace (weapon)
Armour
 b - a +0 animal skin
 i - a +0 ring mail (worn)
Scrolls
 h - a scroll of blinking
Potions
 c - a potion of curing
 e - a potion of haste
 f - 2 potions of magic
 g - a potion of berserk rage


   Skills:
 + Level 9.7 Fighting
 + Level 10.1 Maces & Flails
 + Level 6.2 Armour
 + Level 5.6 Dodging
 + Level 2.0 Stealth


You had 6 spell levels left.
You didn't know any spells.
Your spell library was empty.

Dungeon Overview and Level Annotations

Branches:
Dungeon (1/1)

Altars:
Cheibriados
Dithmenos
Elyvilon
Fedhas
Gozag
Hepliaklqana
Kikubaaqudgha
Makhleb
Nemelex Xobeh
Okawaru
Qazlal
Ru
Sif Muna
Trog
Uskayaw
Vehumet
Wu Jian
Xom
Yredelemnul
Zin
The Shining One
Jiyva
Lugonu

Shops:
D !

Annotations:
D Sonja


Message History

Sonja closely misses you. Sonja hits you but does no damage.
Space bends around you.
Sonja hits you with a +0 dagger of distortion.
Unknown command.
You hit Sonja.
Sonja is heavily wounded.
Sonja hits you but does no damage. x2; Space warps horribly around you!
Sonja barely misses you. x2; Sonja closely misses you.
Sonja hits you but does no damage.
Unknown command.
You feel much better. Sonja completely misses you.
Sonja hits you but does no damage. Space warps horribly around you!
Sonja hits you with a +0 dagger of distortion.
Space warps horribly around you!! Sonja barely misses you.
Sonja hits you but does no damage. Space warps horribly around you!
* * * LOW HITPOINT WARNING * * *
Sonja hits you with a +0 dagger of distortion.
* * * LOW HITPOINT WARNING * * *
Space warps horribly around you!!
You die...

#..#####'#####'#__####
#..####..#...#.####
#..#__####..##(#
#..#_____##'#_.+
#⌠⌠#_.∩...'..._#
####_..__##_.#'#
#_____###'#(#
#########K###


+$@$+ #$.$# ##.## #+# You could see Sonja.

Vanquished Creatures
  A slime creature (D)
  Sigmund (D)
  A yak (D)
  An ogre (D)
  A jelly (D)
  Ijyb (D)
6 creatures vanquished.

Notes
Turn   | Place    | Note
-------+----------+-------------------------------------------
     0 | D        | mhtbhm the Human Berserker began the quest for the Orb.
     0 | D        | Reached XP level 1. HP: 18/18 MP: 1/1
     2 | D        | Noticed Ijyb
     6 | D        | Killed Ijyb
     7 | D        | Reached skill level 4 in Maces & Flails
     7 | D        | Reached XP level 2. HP: 26/26 MP: 2/2
     7 | D        | Reached XP level 3. HP: 31/31 MP: 3/3
   165 | D        | Noticed an ogre
   173 | D        | Killed an ogre
   174 | D        | Reached skill level 6 in Maces & Flails
   174 | D        | Reached XP level 4. HP: 32/41 MP: 4/4
   174 | D        | Reached XP level 5. HP: 37/47 MP: 5/5
   422 | D        | Noticed Sigmund
   436 | D        | Killed Sigmund
   436 | D        | Reached ** piety under Trog
   437 | D        | Reached skill level 8 in Maces & Flails
   437 | D        | Reached skill level 1 in Stealth
   437 | D        | Reached XP level 6. HP: 56/56 MP: 6/6
   494 | D        | Found a burning altar of Makhleb.
   494 | D        | Found a viscous altar of Jiyva.
   494 | D        | Found a shimmering altar of Xom.
   494 | D        | Found a corrupted altar of Lugonu.
   494 | D        | Noticed a slime creature
   500 | D        | Killed a slime creature
   501 | D        | Reached skill level 9 in Maces & Flails
   501 | D        | Reached skill level 5 in Armour
   501 | D        | Reached skill level 5 in Dodging
   501 | D        | Reached XP level 7. HP: 64/64 MP: 7/7
   593 | D        | Found an ornate altar of the Wu Jian Council.
   593 | D        | Found a shimmering blue altar of Sif Muna.
   595 | D        | Found a radiant altar of Vehumet.
   633 | D        | Found Bycow's Distillery.
   633 | D        | Found an ancient bone altar of Kikubaaqudgha.
   633 | D        | Found a hazy altar of Hepliaklqana.
   633 | D        | Found a stormy altar of Qazlal.
   633 | D        | Found a hide-covered altar of Uskayaw.
   633 | D        | Found a blossoming altar of Fedhas.
   633 | D        | Found a bloodstained altar of Trog.
   633 | D        | Found an iron altar of Okawaru.
   633 | D        | Found a basalt altar of Yredelemnul.
   633 | D        | Found a glowing golden altar of the Shining One.
   633 | D        | Found a snail-covered altar of Cheibriados.
   633 | D        | Found a sacrificial altar of Ru.
   633 | D        | Found a glowing silver altar of Zin.
   633 | D        | Found a shadowy altar of Dithmenos.
   633 | D        | Found a white marble altar of Elyvilon.
   633 | D        | Noticed a yak
   642 | D        | Killed a yak
   642 | D        | Reached *** piety under Trog
   643 | D        | Reached skill level 10 in Maces & Flails
   643 | D        | Found an opulent altar of Gozag.
   644 | D        | Found a sparkling altar of Nemelex Xobeh.
   735 | D        | Noticed Sonja
   753 | D        | Mangled by Sonja

Illustrated notes

Levels and vault maps discovered:
D:        dungeon_sprint_1 [red_sonja_temple_1, red_sonja_temple_small_1]

Skill      XL: |  1  2  3  4  5  6  7 |
---------------+----------------------+-----
Fighting       | 4 6 8 9 |  9.7
Maces & Flails | 4 6 8 9 10 | 10.1
Armour         | 3 4 5 6 |  6.2
Dodging        | 3 4 5 |  5.6
Stealth        | 1 2 |  2.0

Action                   |  1- 3 |  4- 6 |  7- 9 || total
-------------------------+-------+-------+-------++-------
Melee: Mace              |    10 |    16 |    18 ||    44
Invok: Berserk           |     2 |     2 |     2 ||     6
  Use: Potion            |       |       |     1 ||     1
Armor: Ring mail         |       |     1 |     9 ||    10
Dodge: Dodged            |     4 |     6 |    14 ||    24

Table legend: (Time is in decaauts)
 A = Elapsed time spent in this place.
 B = Non-inter-level travel time spent in this place.
 C = Inter-level travel time spent in this place.
 D = Time resting spent in this place.
 E = Time spent auto-exploring this place.
 F = Levels seen in this place.
 G = Mean time per level.
                   A        B        C        D        E       F      G
               +--------+--------+--------+--------+--------+-----+--------+
         Total |    794 |    794 |      0 |    616 |      0 |   1 |  794.0 |
       Dungeon |    794 |    794 |      0 |    616 |      0 |   1 |  794.0 |
               +--------+--------+--------+--------+--------+-----+--------+

Top non-repeatable levels by time:
       D: 794 daAuts
